Description

Standard Reaper FE --> 3CC Repear Helion --> 2 Medivacs/Marines drop --> 3 Base push

VOD

https://youtu.be/pPTbAGDbCU4?t=6

Replay - Maru v RagnaroK: Game 1 - [ESL] Babylon

Build Order

Get SALT Encoding   

  14  0:17  Supply Depot  
  15  0:39  Barracks  
  16  0:43  Refinery  
  19  1:26  Reaper  Traditional Reaper expand
  19  1:27  Orbital Command  
  20  1:39  Command Center  
  20  1:49  Supply Depot  
  21  1:58  Marine  Double Marine before reactor
  23  2:12  Factory  @100% lift and place on top of barracks
  23  2:15  Marine  
  26  2:35  Barracks Reactor  @100% swap with factory and go build tech-lab
  26  2:40  Command Center  In main base for safety
  27  2:52  Orbital Command  
  28  2:59  Barracks  @100 lift and place on top of factory
  29  3:18  Hellion x2  4 Helion total
  29  3:19  Barracks Tech Lab  @100% stimpack
  35  3:25  Refinery  
  35  3:32  Supply Depot  
  37  3:38  Marine  Continuous Marine production until 16 Marines
  37  3:39  Stimpack  
  38  3:42  Hellion x2  @100% swap with floating barracks and go build reactor
  44  3:52  Orbital Command  
  44  3:56  Starport  @100% lift and place on top of factory
  47  4:12  Factory Reactor  @100% swap with Starport, go build techlab for siege tank production
  47  4:14  Supply Depot  
  53  4:30  Refinery  
  57  4:35  Orbital Command  
  59  4:41  Engineering Bay x2  @100% 1/1
  60  4:47  Supply Depot  
  64  4:54  Medivac x2  Around this time float your third CC to your third base, @100% Lift Starport and go build Reactor. Maru moves out with 2 Medivacs and 13 Marines, embarking at exactly 5:30
  64  4:55  Factory Tech Lab  
  71  5:11  Terran Infantry Weapons Level 1, Terran Infantry Armor Level 1  
  73  5:20  Refinery  
  73  5:21  Combat Shield  Around this time cut unit production until you are able to build your three additional barracks
  78  5:26  Barracks  On Starport's reactor
  79  5:32  Starport Reactor  
  81  5:42  Barracks x2  
  82  5:45  Siege Tank  Resume continuous unit production
  92  6:16  Medivac x2  
  100  6:24  Armory  
  101  6:31  Siege Tank  
  101  6:32  Barracks Reactor x2  
  112  6:47  Medivac  
  112  6:50  Refinery x2  
  117  6:55  Medivac  
  119  7:04  Siege Tank  
  125  7:12  Command Center  
  139  7:45  Factory  
  140  8:02  Siege Tank, Medivac x2  
  144  8:13  Barracks x3  
  144  8:19  Marauder  
  150  8:32  Factory Reactor  
Spawning Tool Build Advisor. Get it on Overwolf

Analysis

The goal of this build is to pull off a greedy 3CC build that maintains pressure with Reaper/Helion into a fast 2 Medivacs/Marine drop, then followed by a massive 3 base push. It is a very hard build as it requires precise execution and multitask to pull off correctly. You will need to practice hard before you can use this build on ladder.

Go to:

Details

  • Created by: Mythologiga
  • Published on: Apr 08, 2023
  • Modified on: May 14, 2023
  • Patch: 5.0.11
  • Difficulty: Hard
Show
View Real Time Build Order
Export as new Build Order

Comments (0)

There are no comments. Be the first!

Create an account to comment!